| TOP OF THE 1ST |
|
Cleveland (WIN) Indians batting - Pitching for Detroit (WIN) Tigers : RHP Caleb Franklin
|
|
Pitching: RHP Caleb Franklin
|
|
|
Batting: LHB John Harring
|
0-0: Ball 1-0: Called Strike 1-1: Ball 2-1: Swinging Strike 2-2: Foul Ball, location: 2F 2-2: Foul Ball, location: 2F 2-2: Foul Ball, location: 2F 2-2: Ball 3-2: Ground out U3 (Groundball, 34, EV 95.0 MPH)
|
|
Batting: RHB Christian Blue
|
0-0: Ball 1-0: Foul Ball, location: 2F 1-1: Ground out 6-3 (Groundball, 56, EV 105.6 MPH)
|
|
Batting: LHB Brent Albertson
|
0-0: SINGLE (Groundball, 34D, EV 103.1 MPH)
|
|
Batting: LHB Costodio Varino
|
0-0: Called Strike 0-1: Swinging Strike 0-2: Foul Ball, location: 2F 0-2: Ball Wild Pitch! Brent Albertson to second 1-2: Ball 2-2: Ground out U3 (Groundball, 34, EV 105.6 MPH)
|
| Top of the 1st over - 0 runs, 1 hit, 0 errors, 1 left on base; Cleveland (WIN) 0 - Detroit (WIN) 0 |
| BOTTOM OF THE 1ST |
|
Detroit (WIN) Tigers batting - Pitching for Cleveland (WIN) Indians : RHP Josh Hughes
|
|
Pitching: RHP Josh Hughes
|
|
|
Batting: LHB Bill Ford
|
0-0: Ball 1-0: Ball 2-0: Foul Ball, location: 2F 2-1: SINGLE (Groundball, 4MD, EV 83.1 MPH) (infield hit)
|
|
Batting: RHB Keith Hoffman
|
0-0: Called Strike 0-1: Ball 1-1: Foul Ball, location: 2F 1-2: Foul Ball, location: 2F 1-2: Foul Ball, location: 2F 1-2: SINGLE (Line Drive, 3L, EV 104.4 MPH) Bill Ford to second Bill Ford to third
|
|
Batting: SHB Adam Weber
|
0-0: Called Strike 0-1: Foul Ball, location: 2F 0-2: Ball 1-2: SINGLE (Line Drive, 8LS, EV 91.9 MPH) Bill Ford scores Keith Hoffman to second
|
|
Batting: RHB J.J. Basil
|
0-0: Ball 1-0: Ball 2-0: SINGLE (Flyball, 5D, EV 91.9 MPH) Keith Hoffman to third Adam Weber to second
|
|
Batting: LHB Dave Carlisle
|
0-0: Called Strike 0-1: Swinging Strike 0-2: Strikes out swinging
|
|
Batting: LHB George Moran
|
0-0: Ball 1-0: Swinging Strike 1-1: Called Strike 1-2: Ball 2-2: Foul Ball, location: 2F 2-2: Foul Ball, location: 2F 2-2: Ball 3-2: Grounds into double play, 4-6-3 (Groundball, 4D, EV 106.9 MPH)
|
| Bottom of the 1st over - 1 run, 4 hits, 0 errors, 2 left on base; Cleveland (WIN) 0 - Detroit (WIN) 1 |
| TOP OF THE 2ND |
|
Cleveland (WIN) Indians batting - Pitching for Detroit (WIN) Tigers : RHP Caleb Franklin
|
|
Batting: RHB Sean Neuroth
|
0-0: Swinging Strike 0-1: Foul Ball, location: 2F 0-2: Ball 1-2: Strikes out swinging
|
|
Batting: SHB Joe Zeiset
|
0-0: Ball 1-0: Foul Ball, location: 2F 1-1: Fly out, F4 (Flyball, 4MD, EV 80.0 MPH)
|
|
Batting: LHB Corey Trevor
|
0-0: Called Strike 0-1: Fly out, F7 (Line Drive, 7LM, EV 93.1 MPH)
|
| Top of the 2nd over - 0 runs, 0 hits, 0 errors, 0 left on base; Cleveland (WIN) 0 - Detroit (WIN) 1 |
| BOTTOM OF THE 2ND |
|
Detroit (WIN) Tigers batting - Pitching for Cleveland (WIN) Indians : RHP Josh Hughes
|
|
Batting: RHB Willis Morales
|
0-0: Fly out, F9 (Flyball, 9LS, EV 96.2 MPH)
|
|
Batting: RHB Tanner Purchase
|
0-0: Called Strike 0-1: Called Strike 0-2: Foul Ball, location: 2F 0-2: Strikes out swinging
|
|
Batting: RHB Willie Ochoa
|
0-0: Called Strike 0-1: Called Strike 0-2: Ball 1-2: Strikes out looking
|
| Bottom of the 2nd over - 0 runs, 0 hits, 0 errors, 0 left on base; Cleveland (WIN) 0 - Detroit (WIN) 1 |
| TOP OF THE 3RD |
|
Cleveland (WIN) Indians batting - Pitching for Detroit (WIN) Tigers : RHP Caleb Franklin
|
|
Batting: RHB Jason Harris
|
0-0: Ball 1-0: Ball 2-0: Called Strike 2-1: Ball 3-1: Base on Balls
|
|
Batting: RHB Josh Stinnett
|
0-0: Ball 1-0: Ball 2-0: Called Strike 2-1: Foul Ball, location: 2F 2-2: Strikes out swinging
|
|
Batting: LHB John Harring
|
0-0: Ball 1-0: Ball 2-0: Swinging Strike 2-1: Ball 3-1: Foul Ball, location: 2F 3-2: Grounds into double play, 6-4-3 (Groundball, 6, EV 97.5 MPH)
|
| Top of the 3rd over - 0 runs, 0 hits, 0 errors, 0 left on base; Cleveland (WIN) 0 - Detroit (WIN) 1 |
| BOTTOM OF THE 3RD |
|
Detroit (WIN) Tigers batting - Pitching for Cleveland (WIN) Indians : RHP Josh Hughes
|
|
Batting: LHB Bill Ford
|
0-0: Called Strike 0-1: Ball 1-1: Called Strike 1-2: Ball 2-2: Ball 3-2: SINGLE (Groundball, 25, EV 70.6 MPH) (infield hit)
|
|
Batting: RHB Keith Hoffman
|
0-0: SINGLE (Groundball, 4MD, EV 81.2 MPH) (infield hit) Bill Ford to second
|
|
Pinch Runner at 1st Brad Gaskill:
|
|
|
Batting: SHB Adam Weber
|
0-0: Fly out, F5 (Flyball, 5D, EV 91.2 MPH)
|
|
Batting: RHB J.J. Basil
|
0-0: Ball 1-0: Foul Ball, location: 2F 1-1: Ball 2-1: Fly out, F2 (Popup, 23F, EV 85.6 MPH)
|
|
Batting: LHB Dave Carlisle
|
0-0: Ball 1-0: Called Strike 1-1: Fly out, F7 (Flyball, 78S, EV 93.1 MPH)
|
| Bottom of the 3rd over - 0 runs, 2 hits, 0 errors, 2 left on base; Cleveland (WIN) 0 - Detroit (WIN) 1 |
| TOP OF THE 4TH |
|
Cleveland (WIN) Indians batting - Pitching for Detroit (WIN) Tigers : RHP Caleb Franklin
|
|
Now at 1B: Sean Foley
|
|
|
Batting: RHB Christian Blue
|
0-0: Foul Ball, location: 2F 0-1: Fly out, F8 (Flyball, 78S, EV 87.5 MPH)
|
|
Batting: LHB Brent Albertson
|
0-0: Ball 1-0: Called Strike 1-1: Foul Ball, location: 2F 1-2: Strikes out swinging
|
|
Batting: LHB Costodio Varino
|
0-0: SOLO HOME RUN (Flyball, 8RXD, EV 115.6 MPH), Distance : 482 ft
|
|
Batting: RHB Sean Neuroth
|
0-0: Called Strike 0-1: Fly out, F7 (Flyball, 7, EV 88.8 MPH)
|
| Top of the 4th over - 1 run, 1 hit, 0 errors, 0 left on base; Cleveland (WIN) 1 - Detroit (WIN) 1 |
| BOTTOM OF THE 4TH |
|
Detroit (WIN) Tigers batting - Pitching for Cleveland (WIN) Indians : RHP Josh Hughes
|
|
Batting: LHB George Moran
|
0-0: Ball 1-0: Ball 2-0: DOUBLE (Groundball, 3L, EV 95.6 MPH)
|
|
Batting: RHB Willis Morales
|
0-0: Intentional Walk
|
|
Batting: RHB Tanner Purchase
|
0-0: Fly out, F7 (Flyball, 7LD, EV 81.2 MPH)
|
|
Batting: RHB Willie Ochoa
|
0-0: Ground out 4-3 (Groundball, 4S, EV 66.2 MPH) George Moran to third Willis Morales to second
|
|
Batting: LHB Bill Ford
|
0-0: Intentional Walk
|
|
Batting: SHB Sean Foley
|
0-0: Ball 1-0: SINGLE (Flyball, 89S, EV 89.4 MPH) George Moran scores Willis Morales to third Bill Ford to second Runner from 3rd tries for Home, SAFE, throw by RF to home
|
|
Batting: SHB Adam Weber
|
0-0: Swinging Strike 0-1: Ball 1-1: Foul Ball, location: 2F 1-2: Fly out, F8 (Flyball, 78S, EV 75.0 MPH)
|
| Bottom of the 4th over - 2 runs, 2 hits, 0 errors, 2 left on base; Cleveland (WIN) 1 - Detroit (WIN) 3 |
| TOP OF THE 5TH |
|
Cleveland (WIN) Indians batting - Pitching for Detroit (WIN) Tigers : RHP Caleb Franklin
|
|
Batting: SHB Joe Zeiset
|
0-0: Swinging Strike 0-1: Called Strike 0-2: Ball 1-2: Ball 2-2: Ball 3-2: Fly out, F9 (Flyball, 9S, EV 88.1 MPH)
|
|
Batting: LHB Corey Trevor
|
0-0: Ball 1-0: Ball 2-0: Called Strike 2-1: Called Strike 2-2: SINGLE (Groundball, 34S, EV 64.4 MPH) (infield hit)
|
|
Batting: RHB Jason Harris
|
0-0: Called Strike 0-1: Grounds into double play, 6-4-3 (Groundball, 6M, EV 93.8 MPH)
|
| Top of the 5th over - 0 runs, 1 hit, 0 errors, 0 left on base; Cleveland (WIN) 1 - Detroit (WIN) 3 |
| BOTTOM OF THE 5TH |
|
Detroit (WIN) Tigers batting - Pitching for Cleveland (WIN) Indians : RHP Josh Hughes
|
|
Batting: RHB J.J. Basil
|
0-0: Ball 1-0: DOUBLE (Line Drive, 89D, EV 103.8 MPH)
|
|
Batting: LHB Dave Carlisle
|
0-0: Ground out 5-3 (Groundball, 56, EV 85.6 MPH)
|
|
Batting: LHB George Moran
|
0-0: Ball 1-0: Called Strike 1-1: Ball 2-1: Ground out 4-3 (Groundball, 4, EV 81.9 MPH) J.J. Basil to third
|
|
Batting: RHB Willis Morales
|
0-0: Intentional Walk
|
|
Batting: RHB Tanner Purchase
|
0-0: Ground out 4-3 (Groundball, 34, EV 85.6 MPH)
|
| Bottom of the 5th over - 0 runs, 1 hit, 0 errors, 2 left on base; Cleveland (WIN) 1 - Detroit (WIN) 3 |
| TOP OF THE 6TH |
|
Cleveland (WIN) Indians batting - Pitching for Detroit (WIN) Tigers : RHP Caleb Franklin
|
|
Batting: RHB Josh Stinnett
|
0-0: Ball 1-0: Fly out, F8 (Line Drive, 8LM, EV 90.6 MPH)
|
|
Batting: LHB John Harring
|
0-0: Called Strike 0-1: Fly out, F7 (Flyball, 7LS, EV 87.5 MPH)
|
|
Batting: RHB Christian Blue
|
0-0: Called Strike 0-1: Foul Ball, location: 2F 0-2: Ball 1-2: SINGLE (Flyball, 78S, EV 93.8 MPH)
|
|
Batting: LHB Brent Albertson
|
0-0: Called Strike 0-1: Fly out, F5 (Popup, 5S, EV 70.6 MPH)
|
| Top of the 6th over - 0 runs, 1 hit, 0 errors, 1 left on base; Cleveland (WIN) 1 - Detroit (WIN) 3 |
| BOTTOM OF THE 6TH |
|
Detroit (WIN) Tigers batting - Pitching for Cleveland (WIN) Indians : RHP Josh Hughes
|
|
Batting: RHB Willie Ochoa
|
0-0: Ball 1-0: Ball 2-0: Ball 3-0: Swinging Strike 3-1: SINGLE (Flyball, 34D, EV 92.5 MPH)
|
|
Batting: LHB Bill Ford
|
0-0: Ball 1-0: Ball 2-0: Called Strike 2-1: Ball 3-1: Base on Balls Willie Ochoa to second
|
|
Batting: SHB Sean Foley
|
0-0: Ball 1-0: Fly out, F3 (Popup, 34S, EV 80.0 MPH)
|
|
Batting: SHB Adam Weber
|
0-0: Ball 1-0: Called Strike 1-1: Swinging Strike 1-2: Foul Ball, location: 2F 1-2: SINGLE (Line Drive, 8LS, EV 92.5 MPH) Willie Ochoa to third Bill Ford to second Runner from 3rd tries for Home, throw by CF and OUT! 8-2
|
|
Batting: RHB J.J. Basil
|
0-0: Called Strike 0-1: Fielders Choice at 2nd, 5-4 (Groundball, 56, EV 99.4 MPH)
|
| Bottom of the 6th over - 0 runs, 2 hits, 0 errors, 2 left on base; Cleveland (WIN) 1 - Detroit (WIN) 3 |
| TOP OF THE 7TH |
|
Cleveland (WIN) Indians batting - Pitching for Detroit (WIN) Tigers : RHP Caleb Franklin
|
|
Batting: LHB Costodio Varino
|
0-0: Ground out 1-3 (Groundball, 13S, EV 65.0 MPH)
|
|
Batting: RHB Sean Neuroth
|
0-0: Called Strike 0-1: Fly out, F9 (Line Drive, 89M, EV 104.4 MPH)
|
|
Batting: SHB Joe Zeiset
|
0-0: Ball 1-0: Ball 2-0: Called Strike 2-1: Swinging Strike 2-2: Ball 3-2: DOUBLE (Flyball, 89XD, EV 114.4 MPH)
|
|
Batting: LHB Corey Trevor
|
0-0: Ball 1-0: Foul Ball, location: 2F 1-1: Foul Ball, location: 2F 1-2: Foul Ball, location: 2F 1-2: Foul Ball, location: 2F 1-2: Strikes out looking
|
| Top of the 7th over - 0 runs, 1 hit, 0 errors, 1 left on base; Cleveland (WIN) 1 - Detroit (WIN) 3 |
| BOTTOM OF THE 7TH |
|
Detroit (WIN) Tigers batting - Pitching for Cleveland (WIN) Indians : RHP Josh Hughes
|
|
Batting: LHB Dave Carlisle
|
0-0: Fly out, F7 (Flyball, 78M, EV 83.8 MPH)
|
|
Batting: LHB George Moran
|
0-0: Called Strike 0-1: Ball 1-1: Ball 2-1: Ball 3-1: Base on Balls
|
|
Batting: RHB Willis Morales
|
0-0: Ball 1-0: Grounds into double play, 5-4-3 (Groundball, 56S, EV 84.4 MPH)
|
| Bottom of the 7th over - 0 runs, 0 hits, 0 errors, 0 left on base; Cleveland (WIN) 1 - Detroit (WIN) 3 |
| TOP OF THE 8TH |
|
Cleveland (WIN) Indians batting - Pitching for Detroit (WIN) Tigers : RHP Caleb Franklin
|
|
Pitching: RHP Chris Haselhorst
|
|
|
Batting: RHB Jason Harris
|
0-0: Ball 1-0: Ball 2-0: Foul Ball, location: 2F 2-1: Ground out 5-3 (Groundball, 56, EV 100.0 MPH)
|
|
Pinch Hitting: SHB Mike Gross
|
0-0: Ground out 4-3 (Groundball, 4, EV 86.9 MPH)
|
|
Batting: LHB John Harring
|
0-0: Ball 1-0: Swinging Strike 1-1: Foul Ball, location: 2F 1-2: Strikes out swinging
|
| Top of the 8th over - 0 runs, 0 hits, 0 errors, 0 left on base; Cleveland (WIN) 1 - Detroit (WIN) 3 |
| BOTTOM OF THE 8TH |
|
Detroit (WIN) Tigers batting - Pitching for Cleveland (WIN) Indians : RHP Josh Hughes
|
|
Now at SS: Chris Diaz
|
|
|
Batting: RHB Tanner Purchase
|
0-0: Ball 1-0: Swinging Strike 1-1: Foul Ball, location: 2F 1-2: Foul Ball, location: 2F 1-2: Foul Ball, location: 2F 1-2: SINGLE (Line Drive, 4M, EV 100.6 MPH)
|
|
Batting: RHB Willie Ochoa
|
0-0: Called Strike Tanner Purchase steals 2nd base (no throw) 0-1: Foul Ball, location: 2F 0-2: Ground out U3 (Groundball, 3L, EV 81.9 MPH) Tanner Purchase to third
|
|
Batting: LHB Bill Ford
|
0-0: Intentional Walk
|
|
Pitching: LHP Kenji Yokoyama
|
|
|
Batting: SHB Sean Foley
|
0-0: Ball Bill Ford steals 2nd base 1-0: Foul Ball, location: 2F 1-1: Ball 2-1: Foul Ball, location: 2F 2-2: Ground out 1-3 (Groundball, P, EV 73.8 MPH)
|
|
Batting: SHB Adam Weber
|
0-0: Fly out, F7 (Flyball, 7, EV 94.4 MPH)
|
| Bottom of the 8th over - 0 runs, 1 hit, 0 errors, 2 left on base; Cleveland (WIN) 1 - Detroit (WIN) 3 |
| TOP OF THE 9TH |
|
Cleveland (WIN) Indians batting - Pitching for Detroit (WIN) Tigers : RHP Chris Haselhorst
|
|
Batting: RHB Christian Blue
|
0-0: Ball 1-0: Called Strike 1-1: Ball 2-1: DOUBLE (Line Drive, 7LM, EV 106.9 MPH)
|
|
Batting: LHB Brent Albertson
|
0-0: Called Strike 0-1: Ball 1-1: Ball 2-1: Fly out, F6 (Popup, 6M, EV 79.4 MPH)
|
|
Batting: LHB Costodio Varino
|
0-0: Ball 1-0: Ball 2-0: Ball 3-0: Base on Balls
|
|
Batting: RHB Sean Neuroth
|
0-0: Ball 1-0: Called Strike 1-1: Foul Ball, location: 2F 1-2: Ball 2-2: Foul Ball, location: 2F 2-2: Strikes out swinging
|
|
Pitching: RHP Denzel McPherson
|
|
|
Batting: SHB Joe Zeiset
|
0-0: Ball 1-0: Ground out 4-3 (Groundball, 4, EV 98.8 MPH)
|
| Top of the 9th over - 0 runs, 1 hit, 0 errors, 2 left on base; Cleveland (WIN) 1 - Detroit (WIN) 3 |
|